 Dungeon Crawl Stone Soup version 0.20-a0-738-gb057e68 (webtiles) character file.

17449 KristoblXynda the Cleaver (level 12, -8/91 HPs)
             Began as a Green Draconian Conjurer on Feb 23, 2017.
             Was a High Priest of Makhleb.
             Mangled by a five-headed hydra (13 damage)
             ... on level 3 of the Lair of Beasts.
             The game lasted 00:51:20 (16470 turns).

KristoblXynda the Cleaver (DrCj)                   Turns: 16470, Time: 00:51:21

Health: -8/91      AC: 11    Str: 15    XL:     12   Next: 19%
Magic:  0/21       EV: 15    Int: 17    God:    Makhleb [*****.]
Gold:   688        SH:  7    Dex: 11    Spells: 9/23 levels left

rFire    . . .     SeeInvis .   n - +2 war axe (freeze)
rCold    . . .     Gourm    .   (armour unavailable)
rNeg     . . .     Faith    .   m - +2 buckler
rPois    +         Spirit   +   (helmet restricted)
rElec    .         Reflect  .   j - scarf {Spirit}
rCorr    .         Harm     .   (no gloves)
MR       +....                  e - +2 pair of boots
Stlth    ++++......             (no amulet)
Regen    0.3/turn               y - ring of stealth
MPRegen  0.2/turn               p - ring of protection from magic

@: short of breath, very slightly contaminated
A: breathe noxious fumes, unfitting armour, poison resistance, cold-blooded, AC
+8
a: Breathe Noxious Fumes, Minor Destruction, Lesser Servant of Makhleb, Major
Destruction, Greater Servant of Makhleb, Renounce Religion


You were on level 3 of the Lair of Beasts.
You worshipped Makhleb.
Makhleb was extremely pleased with you.
You were near starving.

You visited 2 branches of the dungeon, and saw 13 of its levels.
You also visited: Sewer.

You collected 875 gold pieces.
You spent 187 gold pieces at shops.

Inventory:

Hand Weapons
 n - a +2 war axe of freezing (weapon)
Missiles
 x - a throwing net (quivered)
Armour
 e - a +2 pair of boots (worn)
 j - a scarf of spirit shield (worn)
 m - a +2 buckler (worn)
Jewellery
 p - a ring of protection from magic (left hand)
 v - an uncursed ring of magical power
 y - a ring of stealth (right hand)
Wands
 t - a wand of digging (13/24)
 u - a wand of scattershot (3/9)
Scrolls
 a - a scroll of immolation
 c - 10 scrolls of identify
 f - 4 scrolls of remove curse
 g - 3 scrolls of enchant armour
 o - 2 scrolls of teleportation
 r - 3 scrolls of fog
 w - a scroll of magic mapping
 E - 2 scrolls of amnesia
Potions
 d - a potion of cancellation
 h - a potion of mutation
 i - 5 potions of brilliance
 k - 2 potions of resistance
 l - a potion of curing
 s - a potion of flight
Books
 C - a book of Cantrips

   Spells                             Type                      Level
   a - Confusing Touch                Hexes                        1
   b - Animate Skeleton               Necromancy                   1
   c - Summon Small Mammal            Summoning                    1
   d - Apportation                    Translocation                1
 G - a book of Air

   Spells                             Type                      Level
   a - Shock                          Conjuration/Air              1
   b - Swiftness                      Charms/Air                   2
   c - Static Discharge               Conjuration/Air              3
   d - Airstrike                      Air                          4
   e - Lightning Bolt                 Conjuration/Air              5
Miscellaneous
 F - a box of beasts
Comestibles
 b - 11 bread rations
 z - 2 meat rations
 A - 5 royal jellies


   Skills:
 - Level 4.1 Fighting
 - Level 12.0 Axes
 + Level 6.3 Dodging
 - Level 5.1 Stealth
 - Level 5.1 Shields
 - Level 1.0 Unarmed Combat
 - Level 6.0 Spellcasting
 - Level 7.0 Conjurations
 - Level 3.1 Translocations
 + Level 0.0 Air Magic
 + Level 7.6 Invocations
 - Level 3.3 Evocations


You had 9 spell levels left.
You knew the following spells:

 Your Spells              Type           Power        Failure   Level  Hunger
a - Magic Dart            Conj           ####         1%          1    None
b - Iskenderun's Mystic   Conj           ####....     10%         4    ####...
c - Dazzling Spray        Conj/Hex       ###...       10%         3    ##.....
d - Force Lance           Conj/Tloc      ###.....     17%         4    ####...
e - Swiftness             Chrm/Air       #.......     21%         2    None


Dungeon Overview and Level Annotations

Branches:
Dungeon (10/15)            Temple (0/1) D:4            Lair (3/6) D:10
  Snake (0/4) Lair:2
  Swamp: Lair:2-4    Shoals: Lair:2-4       Orc: D:9-12

Altars:
Ashenzari
Dithmenos
Elyvilon
Gozag
Makhleb
Okawaru
Ru
Vehumet
Xom
Yredelemnul

Shops:
D:4 [   D:8 }

Annotations:
Lair:2 exclusion: 4 oklob plants


Innate Abilities, Weirdness & Mutations

You can breathe blasts of noxious fumes.
Your lurid green scales are hard. (AC +8)
You cannot fit into any form of body armour.
Your system is resistant to poisons. (rPois)
You are cold-blooded and may be slowed by cold attacks.


Message History

The five-headed hydra is heavily wounded.
You are near starving!
The blink frog hits you!
* * * LOW HITPOINT WARNING * * *
The blink frog blinks!
The five-headed hydra barely misses you.
The five-headed hydra closely misses you.
The five-headed hydra bites you.
* * * LOW HITPOINT WARNING * * *
You block the five-headed hydra's attack.
The five-headed hydra barely misses you.
The blink frog hits you.
* * * LOW HITPOINT WARNING * * *
The blink frog blinks!
The blink frog hits you but does no damage.
You see here a golden potion.
Okay, then.
Okay, then.
A demon appears!
The blink frog blinks!
The five-headed hydra bites you!
You die...

..........(P#
#...........# P.#
###.......P## ##..#
####.....###......
##(......F......
##P..#..........
######....F..F.....
...................
.......@D..........
##.....ยงยง2.........
#.................
#...F.P.#..........
.....P###..........
...#.# #.....!.....
..#.# ##..........
#### ##.......##
.......##


You could see a five-headed hydra, 4 blink frogs and a friendly balrug.

Vanquished Creatures
  A two-headed ogre (D:9)
  Urug (Lair:2)
  2 elephants (Lair:2)
  3 spiny frogs
  A rime drake (Lair:2)
  3 komodo dragons (Lair:2)
  A polar bear (Lair:2)
  A troll (D:9)
  2 hippogriffs (Lair:2)
  A blink frog (Lair:2)
  3 wyverns
  2 basilisks (Lair:2)
  26 yaks
  2 hungry ghosts (D:8)
  A steam dragon (Lair:2)
  Menkaure (D:4)
  A warg (D:10)
  4 nagas (Lair:2)
  3 water moccasins (Lair:1)
  Purgy (Sewer)
  4 orc warriors
  6 porcupines
  A sky beast (D:9)
  3 ice beasts
  2 phantoms
  5 crocodiles
  5 wolves (Lair:2)
  A centaur (D:6)
  7 ogres
  A big kobold (D:8)
  6 bullfrogs
  A water moccasin zombie (D:3)
  2 scorpions
  34 killer bees
  An electric eel (Lair:3)
  4 howler monkeys
  5 crimson imps
  4 hounds
  A jelly (D:8)
  A centaur skeleton (D:9)
  A gnoll shaman (D:7)
  A quasit (D:9)
  9 orc priests
  2 bullfrog zombies (D:9)
  3 iguanas
  15 orc wizards
  3 worker ants
  2 hound skeletons
  13 gnolls
  11 adders
  An ooze (D:3)
  A worm (D:2)
  4 dart slugs
  8 leopard geckos
  42 orcs
  A ball python (D:4)
  7 giant cockroaches
  8 goblins
  8 hobgoblins
  7 jackals
  18 kobolds
  5 quokkas
  8 bats
  7 frilled lizards
  A quokka skeleton (D:7)
  6 rats
  A plant (D:7)
347 creatures vanquished.

Vanquished Creatures (collateral kills)
  The ghost of KristoblXynda the Covert, a journeyman SpAr of Vehumet (Lair:1)
  A killer bee (D:9)
2 creatures vanquished.

Vanquished Creatures (others)
  3 fungi
  4 plants
7 creatures vanquished.

Grand Total: 356 creatures vanquished

Notes
Turn   | Place    | Note
-------+----------+-------------------------------------------
     0 | D:1      | KristoblXynda the Draconian Conjurer began the quest for the Orb.
     0 | D:1      | Reached XP level 1. HP: 14/14 MP: 3/3
   156 | D:1      | Reached XP level 2. HP: 14/20 MP: 0/5
   294 | D:1      | Reached skill level 1 in Unarmed Combat
   770 | D:1      | Reached skill level 1 in Axes
   770 | D:1      | Reached XP level 3. HP: 19/26 MP: 6/6
  1626 | D:2      | Reached skill level 2 in Axes
  1630 | D:2      | Reached XP level 4. HP: 12/33 MP: 0/7
  1882 | D:2      | Found a burning altar of Makhleb.
  1990 | D:2      | Became a worshipper of Makhleb the Destroyer
  2204 | D:2      | Found a sacrificial altar of Ru.
  2743 | D:3      | Found an opulent altar of Gozag.
  2803 | D:3      | Reached XP level 5. HP: 34/38 MP: 9/9
  2908 | D:3      | Reached skill level 3 in Axes
  3017 | D:3      | Reached skill level 5 in Conjurations
  3207 | D:3      | Reached * piety under Makhleb
  3802 | D:4      | HP: 1/38 [orc/club (3)]
  3806 | D:4      | Reached XP level 6. HP: 15/45 MP: 0/10
  4022 | D:4      | Learned a level 4 spell: Iskenderun's Mystic Blast
  4273 | D:4      | Found a staircase to the Ecumenical Temple.
  4273 | D:4      | Noticed Menkaure
  4292 | D:4      | HP: 1/67 [Menkaure (6)]
  4294 | D:4      | Killed Menkaure
  4294 | D:4      | Reached skill level 4 in Axes
  4294 | D:4      | Reached skill level 1 in Shields
  5191 | D:4      | Found Lawker's Antique Armour Boutique.
  5310 | D:4      | Your scales start taking on a lurid green colour.
  5310 | D:4      | Reached XP level 7. HP: 17/50 MP: 0/11
  5310 | D:4      | Gained mutation: Your system is resistant to poisons. (rPois) [Green Draconian growth]
  5526 | D:4      | Reached skill level 5 in Axes
  5732 | D:4      | Found a shadowy altar of Dithmenos.
  5916 | D:5      | Entered Level 5 of the Dungeon
  5954 | D:5      | Found an iron altar of Okawaru.
  5990 | D:5      | Reached ** piety under Makhleb
  6037 | D:5      | Found an opulent altar of Gozag.
  6404 | D:4      | Bought a pair of runed boots for 187 gold pieces
  7028 | D:6      | Reached skill level 6 in Axes
  7062 | D:6      | Found a glowing drain.
  7067 | Sewer    | Entered a sewer
  7074 | Sewer    | Learned a level 3 spell: Dazzling Spray
  7096 | Sewer    | Noticed Purgy
  7119 | Sewer    | Killed Purgy
  7119 | Sewer    | Reached XP level 8. HP: 44/57 MP: 0/12
  7388 | D:6      | Reached skill level 7 in Axes
  7862 | D:6      | Found a shattered altar of Ashenzari.
  8406 | D:7      | Reached *** piety under Makhleb
  8412 | D:7      | Reached skill level 8 in Axes
  9035 | D:7      | Reached XP level 9. HP: 62/62 MP: 9/15
  9139 | D:7      | Reached skill level 9 in Axes
  9261 | D:8      | Reached skill level 5 in Spellcasting
  9862 | D:8      | Found a shimmering altar of Xom.
 10015 | D:8      | Found a basalt altar of Yredelemnul.
 10015 | D:8      | Found a radiant altar of Vehumet.
 10220 | D:8      | Reached **** piety under Makhleb
 10256 | D:8      | Reached skill level 1 in Fighting
 10256 | D:8      | Reached skill level 10 in Axes
 10534 | D:8      | Found Piky's Gadget Emporium.
 10930 | D:9      | Found a white marble altar of Elyvilon.
 10957 | D:9      | Noticed a two-headed ogre
 10968 | D:9      | Killed a two-headed ogre
 10968 | D:9      | Reached skill level 1 in Invocations
 10974 | D:9      | Learned a level 4 spell: Force Lance
 11036 | D:9      | Reached XP level 10. HP: 73/73 MP: 16/19
 11114 | D:9      | Reached skill level 1 in Translocations
 11252 | D:9      | Reached skill level 5 in Shields
 12329 | D:10     | Entered Level 10 of the Dungeon
 12960 | D:10     | HP: 3/73 [harpy zombie (5)]
 12960 | D:10     | HP: 1/73 [harpy zombie (2)]
 12963 | D:10     | Found a staircase to the Lair.
 12971 | Lair:1   | Entered Level 1 of the Lair of Beasts
 13001 | Lair:1   | Reached skill level 11 in Axes
 13269 | Lair:1   | Reached ***** piety under Makhleb
 13322 | Lair:1   | Noticed a spiny frog
 13341 | Lair:1   | Killed a spiny frog
 13343 | Lair:1   | Reached skill level 5 in Invocations
 13388 | Lair:1   | Noticed KristoblXynda's ghost (journeyman SpAr)
 13403 | Lair:1   | Killed KristoblXynda's ghost
 13403 | Lair:1   | Reached XP level 11. HP: 44/79 MP: 12/20
 14118 | Lair:2   | Noticed a green death
 14153 | Lair:2   | Found a staircase to the Snake Pit.
 14213 | Lair:2   | Reached skill level 5 in Dodging
 14560 | Lair:2   | Reached skill level 1 in Evocations
 14851 | Lair:2   | HP: 4/84 [spiny frog (3)]
 14886 | Lair:2   | HP: 3/84 [komodo dragon (1)]
 14895 | Lair:2   | HP: 1/84 [green death/bolt of poison[the player character] (3)]
 15477 | Lair:2   | Learned a level 2 spell: Swiftness
 15512 | Lair:2   | Reached skill level 12 in Axes
 15645 | Lair:2   | Noticed Urug
 15670 | Lair:2   | Killed Urug
 15866 | Lair:2   | Noticed an oklob plant
 15866 | Lair:2   | Noticed an oklob plant
 15874 | Lair:2   | Noticed an oklob plant
 15874 | Lair:2   | Noticed an oklob plant
 16068 | Lair:2   | Reached XP level 12. HP: 82/91 MP: 17/21
 16195 | Lair:2   | Reached skill level 5 in Stealth
 16456 | Lair:3   | Noticed a four-headed hydra
 16470 | Lair:3   | Mangled by a five-headed hydra

Vault maps used:
D:1:      lemuel_arrival_river_bridge, minmay_tripent
D:2:      overflow_temple_1_default, nicolae_ru_path_of_blood
D:3:      overflow_temple_1_default, first_bread
D:4:      grunt_dithmenos_smoke, temple_statues, serial_shops, shop,
          uniq_menkaure
D:5:      okawaru_trees_2, basic_altar
D:6:      kennysheep_mini, portal_sewer_entry_e, kennysheep_small_spiral,
          mrwooster_statue_mirror
D:7:      grunt_ogre_cave, minmay_lizard_king
D:8:      tgw_xom, gammafunk_temple_overflow_elements, serial_shops,
          nicolae_shop_trees, minivault_1
D:9:      elyvilon_altar_3
D:10:     old_forge, erik_lair_orcish_takeover, serial_shops, nicolae_shop_trees
Lair:1:   grunt_megastairs_4
Lair:2:   hangedman_what_comes_after_a, minmay_snake_entry_guardpost_small,
          minivault_11, uniq_urug
Lair:3:   basic_altar, ldierk_geyser, fungi_pond_lemuel, uniq_rupert
Sewer:    kennysheep_door_sewer

Skill      XL: |  1  2  3  4  5  6  7  8  9 10 11 12 |
---------------+-------------------------------------+-----
Unarmed Combat | 1 |  1.0
Axes           | 1 2 3 4 6 8 10 11 12 | 12.0
Conjurations   | 5 6 7 |  7.0
Spellcasting   | 3 4 6 |  6.0
Shields        | 1 3 4 5 |  5.1
Fighting       | 2 4 |  4.1
Invocations    | 1 5 6 7 |  7.6
Translocations | 3 |  3.1
Dodging        | 4 5 6 |  6.3
Evocations     | 3 |  3.3
Stealth        | 4 5 |  5.1

Action                   |  1- 3 |  4- 6 |  7- 9 | 10-12 || total
-------------------------+-------+-------+-------+-------++-------
Melee: Unarmed           |    29 |       |       |       ||    29
       Tailslap          |    10 |    16 |    50 |    58 ||   134
       Hand axe          |    58 |   165 |     7 |       ||   230
       War axe           |       |       |   439 |   691 ||  1130
 Cast: Magic Dart        |    44 |    80 |    37 |    18 ||   179
       Iskenderun's Myst |       |     5 |     1 |     6 ||    12
       Dazzling Spray    |       |       |     4 |     1 ||     5
       Force Lance       |       |       |       |     7 ||     7
Invok: Minor Destruction |       |       |       |     1 ||     1
       Greater Servant o |       |       |       |     3 ||     3
 Abil: Breathe Noxious F |       |       |    16 |    29 ||    45
Evoke: Wand              |       |       |     3 |       ||     3
       Box of beasts     |       |       |       |     3 ||     3
  Use: Potion            |       |     6 |     1 |     8 ||    15
       Scroll            |       |    10 |    13 |    15 ||    38
 Stab: Sleeping          |     1 |     1 |     4 |    10 ||    16
       Confused          |       |       |     6 |    17 ||    23
       Distracted        |       |       |       |     1 ||     1
  Eat: Chunk             |     2 |     2 |     7 |     6 ||    17
       Meat ration       |     1 |       |     2 |     2 ||     5
       Royal jelly       |       |     1 |     1 |     1 ||     3
       Bread ration      |       |     1 |     2 |     1 ||     4
       Fruit             |       |       |     4 |     1 ||     5
Armor: Skin              |    34 |    61 |   151 |   211 ||   457
Dodge: Dodged            |    63 |   112 |   248 |   423 ||   846
Block: Buckler           |       |       |    89 |   222 ||   311
